[Event "Titled Tuesday Blitz January 31 Early 2023"]
[White "Ismagilov, Damir"]
[Black "Alahakoon, Isuru"]
[WhiteFideId "34199982"]
[BlackFideId "9900993"]
[WhiteElo "2156"]
[BlackElo "1819"]
[Result "1-0"]
[Round "05"]
[TimeControl "180+2"]
[Date "2023.01.31"]
[WhiteClock "0:00:37"]
[BlackClock "0:00:25"]

1. e4 d5 2. exd5 Qxd5 3. Nc3 Qa5 4. Nf3 Nf6 5. d3 Bg4 6. Be2 Nc6 7. Bd2 O-O-O 8. O-O e5 9. a4 h5 10. Ne4 Qd5 11. Nxf6 gxf6 12. a5 e4 13. dxe4 Qxe4 14. Qe1 Rg8 15. Kh1 Nd4 16. Ra4 Qxe2 17. Nxd4 Rxd4 18. Rxd4 Bf3 19. Rg1 1-0


[Site "https://www.chess.com"]

[Event "Titled Tuesday Blitz January 31 Early 2023"]
[White "Lesbekova, Assel"]
[Black "Garv Gaur"]
[WhiteFideId "13713248"]
[BlackFideId "45030839"]
[WhiteElo "1772"]
[BlackElo "2006"]
[Result "0-1"]
[Round "05"]
[TimeControl "180+2"]
[Date "2023.01.31"]
[WhiteClock "0:00:05"]
[BlackClock "0:00:11"]

1. e4 c6 2. d4 d5 3. Nd2 dxe4 4. Nxe4 Bf5 5. Ng3 Bg6 6. Nh3 Nd7 7. Nf4 e6 8. h4 Ngf6 9. h5 Bf5 10. c3 Bd6 11. Nxf5 exf5 12. Bd3 Ne4 13. f3 Qg5 14. fxe4 Bxf4 15. Bxf4 Qxf4 16. Qf3 Qxf3 17. gxf3 fxe4 18. fxe4 c5 19. Kd2 O-O 20. Rad1 Rad8 21. Rhf1 Nb6 22. Ke3 Rfe8 23. dxc5 Nd5+ 24. Kf3 Nf6 25. h6 gxh6 26. Bc2 Nd7 27. b4 Ne5+ 28. Ke2 h5 29. Rf5 Rxd1 30. Bxd1 h4 31. Rh5 Ng6 32. Kf3 Kg7 33. Bc2 Rd8 34. Rd5 Re8 35. Kg4 Re7 36. Rd1 Rc7 37. Rd8 b6 38. cxb6 axb6 39. Rb8 Rxc3 40. Bb3 h6 41. Rb7 Rg3+ 42. Kf5 Rg5# 0-1


[Site "https://www.chess.com"]

[Event "Titled Tuesday Blitz January 31 Early 2023"]
[White "Bethke, Richard"]
[Black "Skuhala, Barbara"]
[WhiteFideId "12959243"]
[BlackFideId "14605465"]
[WhiteElo "2382"]
[BlackElo "2153"]
[Result "0-1"]
[Round "05"]
[TimeControl "180+2"]
[Date "2023.01.31"]
[WhiteClock "0:00:02"]
[BlackClock "0:00:57"]

1. e4 c5 2. Nf3 d6 3. d4 cxd4 4. Nxd4 Nf6 5. Nc3 a6 6. Be3 e5 7. Nf3 Be7 8. Bc4 O-O 9. O-O Be6 10. Bb3 Nc6 11. Qe2 Na5 12. Rfd1 Qc7 13. Bg5 Rfd8 14. Bxf6 Bxf6 15. Nd5 Bxd5 16. Rxd5 Nxb3 17. axb3 Rac8 18. c3 Qb6 19. b4 Qc6 20. Rad1 Be7 21. Nd2 g6 22. Nf1 Qc4 23. Qxc4 Rxc4 24. f3 Rb8 25. Ne3 Rc7 26. R5d3 Rc6 27. Nd5 Bd8 28. Kf1 Kf8 29. Ke2 b5 30. h4 a5 31. bxa5 Bxa5 32. h5 b4 33. cxb4 Bxb4 34. Rb3 Rc4 35. hxg6 hxg6 36. Ra1 Kg7 37. g4 Rc2+ 38. Kd3 Rd2+ 39. Ke3 Rxd5 40. exd5 Bc5+ 41. Ke4 Rxb3 42. f4 Re3# 0-1


[Site "https://www.chess.com"]

[Event "Titled Tuesday Blitz January 31 Early 2023"]
[White "Ilkhomi, Jaloliddin"]
[Black "Gottstein, Claudius-Thomas"]
[WhiteFideId "14700948"]
[BlackFideId "4653327"]
[WhiteElo "1997"]
[BlackElo "2113"]
[Result "1-0"]
[Round "05"]
[TimeControl "180+2"]
[Date "2023.01.31"]
[WhiteClock "0:02:40"]
[BlackClock "0:02:11"]

1. Nf3 d5 2. c4 c6 3. cxd5 cxd5 4. d4 Nc6 5. Nc3 Nf6 6. Bf4 a6 7. e3 Bg4 8. Be2 e6 9. Ne5 Bxe2 10. Qxe2 Nxe5 11. Bxe5 Bb4 12. O-O O-O 13. Rac1 Rc8 14. a3 Bd6 15. Bxd6 Qxd6 16. b4 b5 17. Nb1 Ne4 18. f3 Nc3 19. Rxc3 1-0


[Site "https://www.chess.com"]

[Event "Titled Tuesday Blitz January 31 Early 2023"]
[White "Derjabin, Ilja"]
[Black "Mangialardo, Tiago Carvalho"]
[WhiteFideId "14104768"]
[BlackFideId "2130718"]
[WhiteElo "2333"]
[BlackElo "1965"]
[Result "1-0"]
[Round "05"]
[TimeControl "180+2"]
[Date "2023.01.31"]
[WhiteClock "0:02:14"]
[BlackClock "0:00:48"]

1. d4 d5 2. c4 Nf6 3. cxd5 Qxd5 4. Nc3 Qd8 5. e4 e6 6. Nf3 Be7 7. Be2 O-O 8. O-O Nbd7 9. Bf4 b6 10. Nb5 Ne8 11. Rc1 Bd6 12. Nxd6 cxd6 13. Bg5 f6 14. Bh4 e5 15. dxe5 dxe5 16. Qd5+ Kh8 17. Qxa8 1-0


[Site "https://www.chess.com"]

[Event "Titled Tuesday Blitz January 31 Early 2023"]
[White "Osiecki, Stanislaw"]
[Black "Veiga, Jose Francisco R P Neves"]
[WhiteFideId "1102990"]
[BlackFideId "1930087"]
[WhiteElo "2055"]
[BlackElo "2406"]
[Result "1-0"]
[Round "05"]
[TimeControl "180+2"]
[Date "2023.01.31"]
[WhiteClock "0:01:31"]
[BlackClock "0:01:51"]

1. e4 Nc6 2. d4 d5 3. e5 Bf5 4. c3 e6 5. Bd3 Bxd3 6. Qxd3 f6 7. f4 Nh6 8. Ne2 Be7 9. exf6 Bxf6 10. O-O O-O 11. Ng3 Qd7 12. h3 Ne7 13. Be3 Nef5 14. Nxf5 Nxf5 15. Bf2 Nd6 16. Nd2 b5 17. a3 a6 18. Nb3 Ne4 19. Nc5 Nxc5 20. dxc5 e5 21. fxe5 Bxe5 22. Bd4 Bf4 23. Rf3 c6 24. Raf1 Qc7 25. g3 Bh6 26. Rxf8+ Rxf8 27. Rxf8+ Kxf8 28. Qf5+ Ke7 29. Be5 Qd7 30. Bd6+ Ke8 31. Qf8# 1-0


[Site "https://www.chess.com"]

[Event "Titled Tuesday Blitz January 31 Early 2023"]
[White "Aung Thant Zin"]
[Black "Elgersma, Onno"]
[WhiteFideId "13000063"]
[BlackFideId "1053531"]
[WhiteElo "2268"]
[BlackElo "2276"]
[Result "0-1"]
[Round "05"]
[TimeControl "180+2"]
[Date "2023.01.31"]
[WhiteClock "0:01:00"]
[BlackClock "0:00:44"]

1. e4 c6 2. d4 d5 3. Nc3 dxe4 4. Nxe4 Nf6 5. Nxf6+ exf6 6. Nf3 Bd6 7. Bd3 O-O 8. h3 Re8+ 9. Be3 Na6 10. O-O Nb4 11. Be2 Bf5 12. Ne1 Bc7 13. c3 Qd6 14. g3 Rxe3 15. fxe3 Qxg3+ 16. Ng2 Qh2+ 17. Kf2 Bg3+ 18. Kf3 Qxh3 19. e4 Bh4+ 20. Kf4 Bg5# 0-1


[Site "https://www.chess.com"]

[Event "Titled Tuesday Blitz January 31 Early 2023"]
[White "Kalogeris, Ioannis"]
[Black "Heinemann, Josefine"]
[WhiteFideId "4239563"]
[BlackFideId "12900460"]
[WhiteElo "2423"]
[BlackElo "2289"]
[Result "1-0"]
[Round "05"]
[TimeControl "180+2"]
[Date "2023.01.31"]
[WhiteClock "0:00:54"]
[BlackClock "0:00:24"]

1. e4 e5 2. Nf3 Nc6 3. Bb5 a6 4. Ba4 Nf6 5. Bxc6 dxc6 6. d3 Bd6 7. O-O Bg4 8. Nbd2 Qe7 9. Nc4 Nd7 10. Ne3 h5 11. h3 Bxf3 12. Qxf3 g6 13. a4 O-O-O 14. Nc4 Nf8 15. c3 Ne6 16. b4 g5 17. Qf5 Kb8 18. b5 a5 19. bxc6 b6 20. Nxe5 Bxe5 21. Qxe5 f6 22. Qb5 Qc5 23. d4 Qxc3 24. Bb2 Qc2 25. d5 Nc5 26. Rfc1 Qxe4 27. Rxc5 Ka7 28. Bxf6 Rhf8 29. Bxd8 Rxd8 30. Rb1 g4 31. Qxa5+ bxa5 32. Rxa5# 1-0


[Site "https://www.chess.com"]

[Event "Titled Tuesday Blitz January 31 Early 2023"]
[White "Ristic, Nebojsa B"]
[Black "Melikhov, Evgeny V."]
[WhiteFideId "935468"]
[BlackFideId "4122046"]
[WhiteElo "2236"]
[BlackElo "2269"]
[Result "1-0"]
[Round "05"]
[TimeControl "180+2"]
[Date "2023.01.31"]
[WhiteClock "0:00:16"]
[BlackClock "0:00:13"]

1. d4 Nf6 2. Bf4 d5 3. e3 c5 4. Nf3 Nc6 5. Nbd2 cxd4 6. exd4 Bf5 7. c3 e6 8. Qb3 Bd6 9. Qxb7 Bxf4 10. Qxc6+ Kf8 11. Be2 Rb8 12. Nb3 g5 13. Ne5 Kg7 14. g3 Bxe5 15. dxe5 Ne4 16. f3 g4 17. fxe4 Bxe4 18. O-O Qg5 19. Qc5 Qxe5 20. Qd4 Qxd4+ 21. cxd4 f5 22. Rac1 Kf6 23. Rc6 Rb6 24. Rfc1 Rhb8 25. Rxb6 Rxb6 26. Rc5 h5 27. Kf2 Bb1 28. Ra5 Bxa2 29. Rxa2 Rxb3 30. Ke1 a5 31. Kd2 a4 32. Bd1 Rb4 33. Kc3 Rc4+ 34. Kd3 Rc1 35. Kd2 Rc4 36. Kd3 Rc1 37. Ke2 Rc4 38. Rxa4 Rc1 39. Kd2 Rc7 40. b4 h4 41. b5 h3 42. b6 Rb7 43. Rb4 Ke7 44. Be2 Kd6 45. Ba6 Rb8 46. b7 f4 47. gxf4 Kc7 48. Ke3 g3 49. hxg3 h2 50. Rb1 Rh8 51. Rh1 Kb8 52. Kf3 Ka7 53. Bb5 Kxb7 54. Bd7 Rh6 55. Kg2 Kc7 56. Ba4 Kd6 57. Rxh2 Rg6 58. Kf3 Rg7 59. Rh6 Ra7 60. Bc2 Ra3+ 61. Kg4 Rc3 62. Bf5 Rd3 63. Rxe6+ 1-0


[Site "https://www.chess.com"]

[Event "Titled Tuesday Blitz January 31 Early 2023"]
[White "Gurevich, Dmitry"]
[Black "Ansh M Shah"]
[WhiteFideId "2000407"]
[BlackFideId "25033379"]
[WhiteElo "2393"]
[BlackElo "2171"]
[Result "1-0"]
[Round "05"]
[TimeControl "180+2"]
[Date "2023.01.31"]
[WhiteClock "0:00:19"]
[BlackClock "0:00:02"]

1. d4 Nf6 2. c4 e6 3. Nc3 d5 4. Nf3 Be7 5. Bf4 O-O 6. e3 c6 7. a3 Nbd7 8. Qc2 a6 9. c5 b6 10. cxb6 Nxb6 11. Ne5 Bb7 12. Be2 c5 13. dxc5 Bxc5 14. O-O Rc8 15. Rfd1 Qe7 16. Qb3 h6 17. Nd3 Nc4 18. Nxc5 Rxc5 19. Rab1 Ba8 20. h3 Qb7 21. Qxb7 Bxb7 22. Na2 Rfc8 23. Nb4 a5 24. Nd3 R5c6 25. a4 Ne4 26. Ne5 Nxe5 27. Bxe5 Ba6 28. Bxa6 Rxa6 29. b4 axb4 30. Rxb4 Rca8 31. f3 Nc5 32. Bd4 Nxa4 33. Rc1 Kh7 34. Rc7 Kg6 35. Rbb7 f6 36. Rxg7+ Kh5 37. Bxf6 1-0


[Site "https://www.chess.com"]

[Event "Titled Tuesday Blitz January 31 Early 2023"]
[White "Lehtosaari, Mauri"]
[Black "Orujov, Elshad"]
[WhiteFideId "501999"]
[BlackFideId "13403540"]
[WhiteElo "2176"]
[BlackElo "2304"]
[Result "0-1"]
[Round "05"]
[TimeControl "180+2"]
[Date "2023.01.31"]
[WhiteClock "0:00:13"]
[BlackClock "0:00:16"]

1. d4 Nf6 2. Nf3 e6 3. Bg5 d5 4. e3 Be7 5. Bd3 h6 6. Bh4 O-O 7. O-O c5 8. c3 Nc6 9. Nbd2 b6 10. Ne5 Nxe5 11. dxe5 Nd7 12. Bxe7 Qxe7 13. f4 Bb7 14. Qh5 Rfd8 15. g4 d4 16. g5 dxe3 17. Ne4 Nxe5 18. Nf6+ gxf6 19. Bh7+ Kxh7 20. Qxh6+ Kg8 21. gxf6 Qf8 22. Qg5+ Ng6 23. Rae1 Rd2 24. Rxe3 Rg2+ 25. Qxg2 Bxg2 26. Kxg2 Qd8 27. f5 Qd5+ 28. Kg1 exf5 29. Rfe1 Rd8 30. h4 f4 31. Re8+ Rxe8 32. Rxe8+ Kh7 33. h5 Qxh5 0-1


[Site "https://www.chess.com"]

[Event "Titled Tuesday Blitz January 31 Early 2023"]
[White "Mrudul Dehankar"]
[Black "Shuvalov, Evgenij"]
[WhiteFideId "25096990"]
[BlackFideId "4187237"]
[WhiteElo "2030"]
[BlackElo "2038"]
[Result "1-0"]
[Round "05"]
[TimeControl "180+2"]
[Date "2023.01.31"]
[WhiteClock "0:00:07"]
[BlackClock "0:01:00"]

1. e4 e6 2. d4 d5 3. e5 c5 4. c3 Nc6 5. Nf3 Qb6 6. Bd3 cxd4 7. O-O Bd7 8. Re1 Nge7 9. Nbd2 dxc3 10. bxc3 Ng6 11. Rb1 Qc7 12. Qe2 Nf4 13. Qe3 Nxd3 14. Qxd3 Be7 15. Nb3 h6 16. Nbd4 a6 17. Nxc6 Qxc6 18. Nd4 Qc7 19. Qg3 g5 20. f4 O-O-O 21. Re2 Kb8 22. Reb2 Bc8 23. Be3 Rdg8 24. f5 exf5 25. Nxf5 Bxf5 26. Rxb7+ Qxb7 27. e6+ Ka8 28. Rxb7 Kxb7 29. exf7 Rf8 30. Qe5 Rxf7 31. Qxd5+ Kc7 32. Qxf7 Bd7 33. Qxe7 Re8 34. Qc5+ Bc6 35. Qb6+ Kd7 36. Qa7+ Kc8 37. Qxa6+ Bb7 38. Qc4+ Kd7 39. Qd4+ Kc8 40. Bf2 Re4 41. Qc5+ Kd7 42. h3 Re2 43. Qb5+ Bc6 44. Qxe2 1-0


[Site "https://www.chess.com"]

[Event "Titled Tuesday Blitz January 31 Early 2023"]
[White "Manon-og, Ramon Jr."]
[Black "Malka, Samuel"]
[WhiteFideId "5200776"]
[BlackFideId "20643675"]
[WhiteElo "1999"]
[BlackElo "2165"]
[Result "0-1"]
[Round "05"]
[TimeControl "180+2"]
[Date "2023.01.31"]
[WhiteClock "0:01:43"]
[BlackClock "0:01:03"]

1. e4 e5 2. Nf3 Nc6 3. Bc4 Nf6 4. Ng5 d5 5. exd5 Na5 6. Bb5+ c6 7. dxc6 bxc6 8. Bd3 Ng4 9. Nf3 f5 10. h3 Nxf2 11. Kxf2 e4 12. Qe2 Bc5+ 13. Kf1 O-O 14. Bxe4 fxe4 15. Qxe4 Bf5 16. Qa4 Re8 17. b4 Qd3+ 18. cxd3 Bxd3# 0-1


[Site "https://www.chess.com"]

[Event "Titled Tuesday Blitz January 31 Early 2023"]
[White "Pace, Christopher"]
[Black "Vovk, Orest"]
[WhiteFideId "2610167"]
[BlackFideId "14113490"]
[WhiteElo "2053"]
[BlackElo "2315"]
[Result "0-1"]
[Round "05"]
[TimeControl "180+2"]
[Date "2023.01.31"]
[WhiteClock "0:00:09"]
[BlackClock "0:01:12"]

1. d4 e5 2. dxe5 Nc6 3. Nf3 Qe7 4. Nc3 Nxe5 5. Nd5 Nxf3+ 6. gxf3 Qd8 7. e4 Nf6 8. Bg5 Be7 9. Nxe7 Qxe7 10. Qd4 d6 11. Rg1 Qe5 12. Be3 O-O 13. Qxe5 dxe5 14. Bh6 Ne8 15. O-O-O Be6 16. f4 Kh8 17. Bg5 f6 18. f5 Bxa2 19. Be3 Bg8 20. Bc5 Nd6 21. Bxd6 cxd6 22. Rxd6 Rfd8 23. Rxd8 Rxd8 24. Bd3 Bf7 25. Kd2 a6 26. Ra1 h5 27. h4 g6 28. fxg6 Bxg6 29. Ke3 Bf7 30. Ra4 Rg8 31. Rb4 b5 32. c4 Bxc4 33. Bxc4 bxc4 34. Rxc4 Rg4 35. Rc6 Kg7 36. Rxa6 Rxh4 37. Ra7+ Kg6 38. b4 Rh3+ 39. f3 Rh2 40. Kd3 Rf2 41. Kc4 Rxf3 42. b5 Re3 43. b6 Rxe4+ 44. Kc5 Re1 45. b7 Rb1 46. Kc6 e4 47. Ra4 f5 48. Ra6 Rxb7 49. Kxb7+ Kg5 50. Kc6 h4 51. Kd5 h3 52. Kd4 h2 53. Ra1 Kf4 54. Rh1 Kg3 55. Ke3 Kg2 56. Rb1 h1=Q 57. Rxh1 Kxh1 58. Kf4 Kg2 59. Kxf5 Kf3 0-1


[Site "https://www.chess.com"]

[Event "Titled Tuesday Blitz January 31 Early 2023"]
[White "Gheorghiu, Calin"]
[Black "Mohammed, Zozek Salah Mohammed"]
[WhiteFideId "1200305"]
[BlackFideId "4803361"]
[WhiteElo "2313"]
[BlackElo "2210"]
[Result "1-0"]
[Round "05"]
[TimeControl "180+2"]
[Date "2023.01.31"]
[WhiteClock "0:00:13"]
[BlackClock "0:00:32"]

1. e4 e6 2. d4 d5 3. Nc3 Nf6 4. e5 Nfd7 5. f4 c5 6. Nf3 Nc6 7. Be3 a6 8. Qd2 b5 9. dxc5 Bxc5 10. Bd3 Qb6 11. Bf2 Bxf2+ 12. Qxf2 Qxf2+ 13. Kxf2 Nc5 14. Ne2 Bb7 15. Ned4 Kd7 16. Rhd1 g6 17. c3 h5 18. Bc2 Nxd4 19. Nxd4 Bc6 20. Ke3 a5 21. b4 axb4 22. cxb4 Ra3+ 23. Kd2 Na4 24. Bxa4 Rxa4 25. Rdb1 Rha8 26. Rb2 Ra3 27. Rc2 R8a6 28. Rb2 Kc7 29. Rc1 Kb7 30. Rcc2 Bd7 31. Nb3 Kb8 32. Nc5 Ra7 33. Rc3 Rxc3 34. Kxc3 Ra3+ 35. Rb3 Rxb3+ 36. Kxb3 Kc7 37. Kc3 Be8 38. Kd4 Kc6 39. g3 Kb6 40. h3 Kc6 41. g4 hxg4 42. hxg4 Kb6 43. Nb3 Kc6 44. Nd2 Kb6 45. Nf3 Kc6 46. Ng5 Kb6 47. Nh7 Bc6 48. Nf6 Bb7 49. Ne8 Kc6 50. g5 Bc8 51. Nd6 Bd7 52. Nxf7 1-0


[Site "https://www.chess.com"]

[Event "Titled Tuesday Blitz January 31 Early 2023"]
[White "Iljin, Timofey"]
[Black "Dos Santos, Emmanuel"]
[WhiteFideId "14110180"]
[BlackFideId "2103559"]
[WhiteElo "2329"]
[BlackElo "2261"]
[Result "1-0"]
[Round "05"]
[TimeControl "180+2"]
[Date "2023.01.31"]
[WhiteClock "0:00:23"]
[BlackClock "0:00:01"]

1. e4 c5 2. c3 Nf6 3. e5 Nd5 4. d4 cxd4 5. cxd4 d6 6. Nf3 Nc6 7. Bc4 Nb6 8. Bb5 a6 9. Bxc6+ bxc6 10. O-O g6 11. h3 Bg7 12. Bf4 Nd5 13. Bg3 O-O 14. Nc3 Rb8 15. Nxd5 cxd5 16. b3 dxe5 17. Bxe5 Rb4 18. Bxg7 Kxg7 19. Qd2 a5 20. Ne5 Qd6 21. Rac1 Bd7 22. Rfe1 Rc8 23. Qe3 f6 24. Rxc8 Bxc8 25. Nd3 Rb7 26. Nc5 Rc7 27. a3 e5 28. b4 axb4 29. axb4 Re7 30. Qc3 exd4 31. Rxe7+ Qxe7 32. Qxd4 Qe1+ 33. Kh2 Qe5+ 34. Qxe5 fxe5 35. b5 d4 36. Kg3 Kf6 37. b6 Kf5 38. f3 h5 39. b7 Bxb7 40. Nxb7 d3 41. Nd6+ Ke6 42. Ne4 Kf5 43. Kh4 1-0


[Site "https://www.chess.com"]

[Event "Titled Tuesday Blitz January 31 Early 2023"]
[White "Andreassen, Lars"]
[Black "Shohat, Yotam"]
[WhiteFideId "1504878"]
[BlackFideId "2813955"]
[WhiteElo "2168"]
[BlackElo "2346"]
[Result "0-1"]
[Round "05"]
[TimeControl "180+2"]
[Date "2023.01.31"]
[WhiteClock "0:02:11"]
[BlackClock "0:00:58"]

1. d4 Nf6 2. Nf3 c5 3. e3 cxd4 4. exd4 g6 5. Bd3 Bg7 6. c3 O-O 7. Bg5 Nc6 8. Nbd2 d5 9. Qe2 Qc7 10. h3 Nh5 11. Qe3 f6 12. Bh6 Bxh6 13. Qxh6 Qf4 14. Qxf4 Nxf4 15. Bf1 Bf5 16. g3 Nd3+ 17. Bxd3 Bxd3 18. O-O-O e5 19. Rde1 exd4 20. cxd4 Rac8 21. Kd1 Nb4 22. Re3 Nxa2 23. Rxd3 Rc1+ 24. Ke2 Re8+ 25. Re3 Rxe3+ 26. fxe3 Rxh1 27. h4 Nc1+ 28. Kf2 Nd3+ 29. Kg2 Rd1 30. b3 Ne1+ 31. Kf2 Nxf3 32. Nxf3 Rd3 33. b4 Rb3 0-1


[Site "https://www.chess.com"]

[Event "Titled Tuesday Blitz January 31 Early 2023"]
[White "SicilianPanzer"]
[Black "Bilan, Danila"]
[BlackFideId "24161918"]
[WhiteElo "2195"]
[BlackElo "2303"]
[Result "0-1"]
[Round "05"]
[TimeControl "180+2"]
[Date "2023.01.31"]
[WhiteClock "0:00:02"]
[BlackClock "0:00:10"]

1. d4 d5 2. c4 c6 3. Nc3 Nf6 4. Nf3 e6 5. Ne5 Nbd7 6. Bf4 Nxe5 7. dxe5 Nd7 8. cxd5 cxd5 9. e4 dxe4 10. Qa4 Qb6 11. Bb5 a6 12. Rd1 Qc7 13. Nxe4 Rb8 14. Be2 b5 15. Qd4 Bc5 16. Nd6+ Qxd6 17. Qxd6 Bxd6 18. Rxd6 O-O 19. O-O Nb6 20. Rc1 Nd5 21. Bg3 Bb7 22. Bf3 h6 23. Rd7 Rfc8 24. Rxc8+ Rxc8 25. h4 Bc6 26. Ra7 Ra8 27. Rxa8+ Bxa8 28. Kf1 Bc6 29. Ke2 Kf8 30. Kd3 Nb4+ 31. Kc3 Nxa2+ 32. Kb3 Bxf3 33. gxf3 Nc1+ 34. Kb4 Nd3+ 35. Kc3 Nc5 36. Kb4 Nb7 37. f4 Ke7 38. f3 Kd7 39. Bf2 Kc6 40. Be3 a5+ 41. Kc3 Nc5 42. Bf2 Kd5 43. b3 b4+ 44. Kc2 a4 45. bxa4 Nxa4 46. Kb3 Nc3 47. Kxb4 Ne2 48. Be3 Nd4 49. Kc3 Nxf3 50. Kd3 Nxh4 51. Ke2 Nf5 52. Kf3 Nxe3 0-1


[Site "https://www.chess.com"]

[Event "Titled Tuesday Blitz January 31 Early 2023"]
[White "Vetokhin, Ilia"]
[Black "Mitrovic, Darko R"]
[WhiteFideId "24156078"]
[BlackFideId "927023"]
[WhiteElo "2305"]
[BlackElo "2220"]
[Result "1-0"]
[Round "05"]
[TimeControl "180+2"]
[Date "2023.01.31"]
[WhiteClock "0:00:25"]
[BlackClock "0:00:01"]

1. b3 d5 2. Bb2 c5 3. Nf3 Nc6 4. g3 Nf6 5. Bg2 g6 6. O-O Bg7 7. d4 cxd4 8. Nxd4 O-O 9. c4 Nxd4 10. Qxd4 dxc4 11. Qxc4 Be6 12. Qa4 Bd5 13. Rd1 e6 14. e4 Bc6 15. Rxd8 Raxd8 16. Qb4 Rd1+ 17. Bf1 Nxe4 18. Bxg7 Kxg7 19. Nc3 Rxa1 20. Nxe4 Bxe4 21. Qxe4 Rxa2 22. h4 h5 23. Bc4 Rd8 24. Qxb7 Rd1+ 25. Kg2 Rdd2 26. Qf3 a5 27. Qf4 Rab2 28. Qe5+ Kf8 29. Qe3 Kg7 30. Qa7 Kf8 31. Qc5+ Kg7 32. Kf3 1-0


[Site "https://www.chess.com"]

[Event "Titled Tuesday Blitz January 31 Early 2023"]
[White "Toczek, Grzegorz"]
[Black "Ivanova, Karina"]
[WhiteFideId "1106457"]
[BlackFideId "24139750"]
[WhiteElo "2260"]
[BlackElo "2085"]
[Result "1-0"]
[Round "05"]
[TimeControl "180+2"]
[Date "2023.01.31"]
[WhiteClock "0:00:58"]
[BlackClock "0:01:04"]

1. e4 c6 2. Nc3 d5 3. Nf3 Bg4 4. h3 Bxf3 5. Qxf3 e6 6. d3 Nd7 7. Qg3 g6 8. Bd2 Bg7 9. h4 h5 10. Be2 Ne7 11. O-O Qb6 12. Rab1 O-O-O 13. Qd6 Rhe8 14. Qa3 Bd4 15. Na4 Qa6 16. c3 Bc5 17. b4 Bd6 18. Rfe1 Nb6 19. Bd1 Nxa4 20. Qxa4 Qxa4 21. Bxa4 dxe4 22. dxe4 Bxb4 23. Red1 Bc5 24. Bg5 Rxd1+ 25. Rxd1 e5 26. Bb3 f5 27. Be6+ Kc7 28. Rd7+ Kb6 29. Bf7 Rf8 30. Bxe7 Bxe7 31. Rxe7 fxe4 32. Bxg6 Rf4 33. g3 Rf3 34. Bxh5 Rxc3 35. Bg6 e3 36. fxe3 Rxe3 37. Kf2 Ra3 38. Bf7 1-0


[Site "https://www.chess.com"]

[Event "Titled Tuesday Blitz January 31 Early 2023"]
[White "Delorme, Alban"]
[Black "Bruned, Yvain"]
[WhiteFideId "623636"]
[BlackFideId "2250292"]
[WhiteElo "2298"]
[BlackElo "2286"]
[Result "0-1"]
[Round "05"]
[TimeControl "180+2"]
[Date "2023.01.31"]
[WhiteClock "0:00:05"]
[BlackClock "0:00:06"]

1. e4 b6 2. d4 Bb7 3. Bd3 e6 4. Nf3 d5 5. exd5 Qxd5 6. c4 Qd8 7. Nc3 Nf6 8. O-O Be7 9. Bg5 O-O 10. Qe2 Nbd7 11. Rad1 h6 12. Bh4 Re8 13. Ne5 Nxe5 14. dxe5 Nd7 15. Bxe7 Qxe7 16. Be4 Nc5 17. Bxb7 Nxb7 18. Qe4 c5 19. Nb5 a6 20. Nd6 Nxd6 21. Rxd6 Rab8 22. Rfd1 Rb7 23. Qc6 Reb8 24. g3 Rc7 25. Rd7 Rxc6 26. Rxe7 b5 27. Rdd7 Rf8 28. Rd6 Rfc8 29. Rdd7 Rf8 30. b3 bxc4 31. bxc4 Rb6 32. Rc7 Rb2 33. Rxc5 Rxa2 34. Rcc7 a5 35. c5 a4 36. Ra7 Rc2 37. Rec7 Rc4 38. c6 g6 39. Kg2 h5 40. Rab7 Kg7 41. Ra7 Kg8 42. Rcb7 Rxc6 43. Rxa4 Rc5 44. f4 Rc2+ 45. Kh3 Rc5 46. Raa7 Kg7 47. Rd7 Rc4 48. Kg2 Rc2+ 49. Kg1 Rc4 50. Rac7 Rxc7 51. Rxc7 Rb8 52. Rc2 Rb1+ 53. Kg2 Rb3 54. Rd2 Rb5 55. Kf2 g5 56. Kf3 Kg6 57. Rd3 g4+ 58. Kf2 Rb4 59. Rc3 Rd4 60. Rc2 Rd3 61. Ke2 Rf3 62. Rd2 Ra3 63. Rd3 Ra2+ 64. Rd2 Ra4 65. Ke3 Rb4 66. Rd8 Kg7 67. Rd2 Rb3+ 68. Rd3 Rb2 69. Rd2 Rb5 70. Ke2 Ra5 71. Ke3 Kf8 72. Kd4 Ra4+ 73. Ke3 Ra5 74. Kd4 Rd5+ 75. Kc3 Rc5+ 76. Kb4 Rc1 77. Kb3 Kg7 78. Kb2 Rf1 79. Kc3 h4 80. Kd4 h3 81. Ke3 Rg1 82. Kf2 Rg2+ 83. Ke3 Rg1 84. Re2 Kg6 85. Kf2 Rg2+ 86. Ke3 Rg1 87. Kf2 Ra1 88. Ke3 Kf5 89. Kf2 Ra3 90. Re3 Ra2+ 91. Kg1 Rg2+ 92. Kh1 Rc2 93. Re1 Rc3 94. Kg1 Rf3 95. Re2 Rd3 96. Kf2 Ra3 97. Ke1 Ra1+ 98. Kf2 Rh1 99. Rd2 Rxh2+ 100. Ke3 Rxd2 101. Kxd2 h2 0-1


[Site "https://www.chess.com"]

[Event "Titled Tuesday Blitz January 31 Early 2023"]
[White "Baruch, Liam"]
[Black "Fajdetic, Hrvoje"]
[WhiteFideId "14322064"]
[BlackFideId "14501945"]
[WhiteElo "1718"]
[BlackElo "2151"]
[Result "0-1"]
[Round "05"]
[TimeControl "180+2"]
[Date "2023.01.31"]
[WhiteClock "0:00:02"]
[BlackClock "0:00:19"]

1. e4 c5 2. Nf3 a6 3. d4 cxd4 4. Nxd4 Nf6 5. Nc3 e5 6. Nb3 Bb4 7. Bd3 d5 8. exd5 Qxd5 9. O-O Bxc3 10. bxc3 O-O 11. Bg5 Nbd7 12. c4 Qc6 13. Re1 a5 14. Nd2 Re8 15. Ne4 Nxe4 16. Rxe4 Nf8 17. Rh4 e4 18. Be2 Qg6 19. Be3 Bf5 20. Bh5 Qf6 21. Rf4 Rad8 22. Qc1 Ne6 23. Be2 Nxf4 24. Bxf4 h6 25. Rb1 Bc8 26. h3 Qc6 27. Be3 Be6 28. Rb6 Qc8 29. Qf1 Rd7 30. Rb2 Rc7 31. c5 Bd5 32. Rb5 a4 33. Ra5 Qd7 34. Bb5 Bc6 35. Bxc6 Qxc6 36. Qb5 Qxb5 37. Rxb5 Ra8 38. Rb4 f5 39. a3 Ra5 40. Kf1 g5 41. g3 Ra6 42. Ke2 Rf6 43. Rxa4 f4 44. gxf4 gxf4 45. Bd4 Re6 46. c3 Rf7 47. Ra8+ Kh7 48. Rh8+ Kg6 49. Rg8+ Kf5 50. Rh8 Ra6 51. a4 Rxa4 52. Rxh6 Ra2+ 53. Kd1 e3 54. Rh5+ Ke4 55. fxe3 Kd3 56. c4 fxe3 57. Ke1 Re2+ 58. Kd1 Rf1# 0-1


[Site "https://www.chess.com"]

[Event "Titled Tuesday Blitz January 31 Early 2023"]
[White "Sychev, Klementy"]
[Black "Kostiukov, Alexandr"]
[WhiteFideId "4114060"]
[BlackFideId "14108100"]
[WhiteElo "2547"]
[BlackElo "2271"]
[Result "1-0"]
[Round "05"]
[TimeControl "180+2"]
[Date "2023.01.31"]
[WhiteClock "0:01:41"]
[BlackClock "0:00:04"]

1. e4 c5 2. Nf3 g6 3. d4 cxd4 4. Nxd4 Bg7 5. Nc3 Nc6 6. Be3 Nf6 7. Nxc6 bxc6 8. e5 Ng8 9. Bd4 f6 10. exf6 Nxf6 11. Bc4 d5 12. Bb3 O-O 13. O-O Qd6 14. Bxf6 Qxf6 15. Nxd5 cxd5 16. Qxd5+ Kh8 17. Qxa8 Ba6 18. Qxa7 Bxf1 19. Rxf1 Qxb2 20. Qxe7 Qd4 21. g3 h5 22. a4 Rf3 23. a5 Be5 24. a6 Bxg3 25. hxg3 Rxg3+ 26. Kh2 Rg4 27. Qf8+ Kh7 28. Bg8+ Kh8 29. Be6+ Kh7 30. Bxg4 hxg4 31. Qe7+ Kh6 32. a7 Qf4+ 33. Kg2 Qf3+ 34. Kg1 g3 35. Qe3+ 1-0


[Site "https://www.chess.com"]

[Event "Titled Tuesday Blitz January 31 Early 2023"]
[White "Vasques, Antonio Pedro Freixial"]
[Black "Ibarra Jerez, Jose Carlos"]
[WhiteFideId "1908332"]
[BlackFideId "2226332"]
[WhiteElo "2214"]
[BlackElo "2563"]
[Result "0-1"]
[Round "05"]
[TimeControl "180+2"]
[Date "2023.01.31"]
[WhiteClock "0:00:16"]
[BlackClock "0:00:49"]

1. e4 c5 2. Nf3 Nc6 3. d4 cxd4 4. Nxd4 e5 5. Nb5 d6 6. N1c3 a6 7. Na3 Be6 8. g3 h5 9. h4 Nf6 10. Bg5 Be7 11. Bxf6 Bxf6 12. Bh3 b5 13. Nd5 Rc8 14. c3 Bxh3 15. Rxh3 Ne7 16. Nc2 Nxd5 17. Qxd5 Qd7 18. Rh1 O-O 19. O-O-O Rfd8 20. Ne3 b4 21. c4 Qa4 22. Kb1 b3 23. a3 g6 24. g4 Rc5 25. Qd3 hxg4 26. Nxg4 Bg7 27. Rc1 Rdc8 28. Rc3 Rxc4 29. Rxb3 Rxe4 30. f3 Rd4 31. Qe3 e4 32. Ka2 exf3 33. Nh6+ Bxh6 34. Qxh6 Qc4 35. h5 Rd3 36. hxg6 Qxb3+ 37. Ka1 Rd1+ 38. Rxd1 Qxd1+ 39. Ka2 Qd5+ 40. Ka1 0-1


[Site "https://www.chess.com"]